 Dungeon Crawl Stone Soup version 0.32-a0-607-g64ea0e4219 (webtiles) character file.

Game seed: 1466869972830933008

602551 ArchonOfCruelty the Warrior (level 26, -5/191 HPs)
             Began as a Purple Draconian Cinder Acolyte on Mar 3, 2024.
             Was the Champion of Jiyva.
             Slain by an Orb Guardian (20 damage)
             ... on level 5 of the Realm of Zot on Mar 4, 2024.
             The game lasted 02:46:16 (80154 turns).

ArchonOfCruelty the Warrior (DrCA)                 Turns: 80154, Time: 02:46:17

Health: -5/191     AC: 20    Str: 26      XL:     26   Next: 25%
Magic:  62/62      EV: 24    Int: 21 (22) God:    Jiyva [******]
Gold:   1419       SH: 18    Dex: 19      Spells: 14/59 levels left

rFire   + . .        Z - +11 scimitar "Hynett" {elec, MP+9 SInv}
rCold   + + .        H - +2 kite shield {rF+}
rNeg    + + .        (body armour unavailable)
rPois   +            p - +0 hat
rElec   +            G - +1 cloak "Cieseh" {MP+9 Str+3 Dex+2}
rCorr   +            b - +0 pair of gloves of Tourphos {Regen+}
SInv    +            r - +3 pair of mountain boots {steadfast, rC+}
Will    +++..        P - amulet of Equivalence {rN++ RegenMP+ rCorr}
Stlth   ++++         X - ring of protection from fire
HPRegen 2.91/turn    f - ring "Isiseurr" {rElec rPois rF- Str+6}
MPRegen 1.58/turn

%: no passive effects
@: about to teleport, maw-form, slimy, corroded, studying Staves, unable to
drink
A: devouring maw, nullifying breath, AC +12, unfitting armour, cold-blooded,
stinger 1, thin skeletal structure 1, agile 2, frail 2, shaggy fur 3,
teleportitis 1, translucent skin 3, jelly sensing items, inability to drink
after injury 1, MP-powered wands
}: 3/15 runes: serpentine, barnacled, slimy
a: Nullifying Breath, Begin Untransformation, Renounce Religion, Oozemancy,
Slimify


You were on level 5 of the Realm of Zot.
You worshipped Jiyva.
Jiyva was exalted by your worship.
You were a creature with a mouth for a stomach.
You visited 12 branches of the dungeon, and saw 55 of its levels.
You visited 1 bazaar.
You also visited: Sewer and Bailey.

You collected 5889 gold pieces.
You spent 4470 gold pieces at shops.

Inventory:

Hand Weapons
 a - a +7 double sword
 y - a +9 vampiric double sword
 L - the +8 Wrath of Trog {antimagic, *Rage Rampage}
   (You found it on level 14 of the Dungeon)

   It causes slowness and exhaustion when equipped.
   It extends the wielder's berserk rage when killing foes.
   *Rage:     It berserks you when you make melee attacks (+50% chance).
   Rampage:   It bestows one free step when moving towards enemies.
 Z - the +11 scimitar "Hynett" (weapon) {elec, MP+9 SInv}
   (You bought it in a shop on level 15 of the Dungeon)

   MP+9:      It affects your magic capacity (+9).
   SInv:      It lets you see invisible.
Missiles
 C - 3 throwing nets
Armour
 b - the +0 pair of gloves of Tourphos (worn) {Regen+}
   (You bought it in a shop in a bazaar)

   Regen+:    It increases your rate of health regeneration.
 m - the +4 dragonskin cloak
   (You took it off Tiamat on level 1 of the Realm of Zot)

   Avatar's Aegis: It grants the wearer a chance to resist fire, cold, poison,
   electricity, acid, and negative energy.
 p - a +0 hat (worn)
 r - the +3 pair of mountain boots (worn) {steadfast, rC+}
   (You bought it in a shop on level 2 of the Orcish Mines)

   Steadfast: It prevents involuntary movement, except for blinking,
   teleportation, or banishment.
   rC+:       It protects you from cold.
 G - the +1 cloak "Cieseh" (worn) {MP+9 Str+3 Dex+2}
   (You found it on level 5 of the Pits of Slime)

   Str+3:     It affects your strength (+3).
   Dex+2:     It affects your dexterity (+2).
   MP+9:      It affects your magic capacity (+9).
 H - a +2 kite shield of fire resistance (worn)
Jewellery
 f - the ring "Isiseurr" (right hand) {rElec rPois rF- Str+6}
   (You took it off a deep elf sorcerer on level 3 of the Elven Halls)

   [ring of strength]

   Str+6:     It affects your strength (+6).
   rF-:       It makes you vulnerable to fire.
   rElec:     It insulates you from electricity.
   rPois:     It protects you from poison.
 l - an amulet of regeneration
 n - the ring "Lyoczyre" {rF- rN++ Str+6 Slay+5}
   (You found it on level 3 of the Crypt)

   [ring of strength]

   Str+6:     It affects your strength (+6).
   Slay+5:    It affects your accuracy & damage with ranged weapons and melee
   (+5).
   rF-:       It makes you vulnerable to fire.
   rN++:      It greatly protects you from negative energy.
 w - a +4 ring of protection
 J - the ring "Okhlidoth" {rN+ Slay+4}
   (You found it in a bailey)

   [ring of slaying]

   Slay+4:    It affects your accuracy & damage with ranged weapons and melee
   (+4).
   rN+:       It protects you from negative energy.
 P - the amulet of Equivalence (around neck) {rN++ RegenMP+ rCorr}
   (You took it off a deep elf pyromancer on level 3 of the Elven Halls)

   [amulet of magic regeneration]

   It increases your rate of magic regeneration.
   rN++:      It greatly protects you from negative energy.
   rCorr:     It protects you from acid and corrosion.
   RegenMP+:  It increases your rate of magic regeneration.
 U - the ring of Kiatuy {rN++ rCorr Stlth+}
   (You took it off an ancient champion on level 3 of the Crypt)

   [ring of resist corrosion]

   rN++:      It greatly protects you from negative energy.
   rCorr:     It protects you from acid and corrosion.
   Stlth+:    It makes you more stealthy.
 X - a ring of protection from fire (left hand)
 Y - the ring "Orusoz" {rF- rN++ rCorr Int+6}
   (You found it on level 3 of the Crypt)

   [ring of intelligence]

   Int+6:     It affects your intelligence (+6).
   rF-:       It makes you vulnerable to fire.
   rN++:      It greatly protects you from negative energy.
   rCorr:     It protects you from acid and corrosion.
Talismans
 A - a maw talisman (active)
Wands
 c - a wand of quicksilver (12)
 v - a wand of digging (5)
Scrolls
 g - 8 scrolls of enchant armour
 j - 5 scrolls of fog {@r2}
 o - 20 scrolls of identify {@r1}
 q - 3 scrolls of torment
 s - 9 scrolls of amnesia
 t - 15 scrolls of teleportation {@r3}
 I - 2 scrolls of silence {!r}
 O - 7 scrolls of revelation {@r5}
 Q - 6 scrolls of immolation
 R - a scroll of summoning {!r}
 T - 2 scrolls of poison
Potions
 d - 4 potions of haste {@q5}
 h - 8 potions of curing {@q2}
 i - 4 potions of heal wounds {@q1}
 k - 3 potions of invisibility
 u - a potion of berserk rage
 x - 14 potions of mutation
 z - 4 potions of resistance
 D - 8 potions of brilliance
 E - 3 potions of ambrosia
 F - 8 potions of lignification
 K - 3 potions of magic
 S - 6 potions of attraction
 V - 3 potions of enlightenment
 W - 6 potions of might {@q3}
Miscellaneous
 B - a tin of tremorstones (2/2)
 M - a phantom mirror
 N - a phial of floods


   Skills:
 - Level 20.0 Fighting
 - Level 16.0 Long Blades
 + Level 17.8 Dodging
 - Level 2.0 Stealth
 + Level 18.4 Shields
 - Level 3.0 Unarmed Combat
 - Level 17.3 Spellcasting
 + Level 14.3 Conjurations
 - Level 14.0 Summonings
 - Level 5.0 Fire Magic
 - Level 5.0 Ice Magic
 - Level 5.0 Air Magic
 - Level 18.0 Earth Magic
 - Level 5.0 Alchemy
 - Level 5.0 Evocations
 + Level 15.6 Shapeshifting


You had 14 spell levels left.
You knew the following spells:

 Your Spells              Type           Power      Damage    Failure   Level
a - Scorch                Fire           78%        2d8       1%          2
b - Bombard               Conj/Erth      36%        9d6       1%          6
c - Lehudib's Crystal Sp  Conj/Erth      36%        10d9      32%         8
f - Freezing Cloud        Conj/Ice/Air   25%        6-21      3%          5
i - Irradiate             Conj/Alch      28%        3d21      1%          5
l - Lee's Rapid Deconstr  Erth           38%        3d19*     1%          5
s - Spellforged Servitor  Conj/Summ      33%        N/A       10%         7
v - Borgnjor's Vile Clut  Necr/Erth      27%        N/A       2%          5
B - Blink                 Tloc           36%        N/A       6%          2

Your spell library contained the following spells:

 Spells                   Type           Power      Damage    Failure   Level
 Magic Dart               Conj           100%       1d8       0%          1
 Sandblast                Erth           100%       2d20      0%          1
 Summon Small Mammal      Summ           100%       N/A       0%          1
 Searing Ray              Conj           100%       2d8       0%          2
 Passwall                 Erth           76%        N/A       0%          3
 Stone Arrow              Conj/Erth      100%       3d13      0%          3
 Foxfire                  Conj/Fire      100%       2x1d9     1%          1
 Kiss of Death            Conj/Necr      100%       2d13      1%          1
 Sting                    Conj/Alch      100%       1d9       1%          1
 Cigotuvi's Dreadful Rot  Necr/Alch/Air  64%        N/A       1%          2
 Mercury Vapours          Alch/Air       78%        N/A       1%          2
 Momentum Strike          Conj/Tloc      96%        3d10      1%          2
 Call Canine Familiar     Summ           67%        N/A       1%          3
 Dazzling Flash           Conj/Hex       96%        N/A       1%          3
 Frozen Ramparts          Ice            78%        1d12      1%          3
 Hailstorm                Conj/Ice       56%        3d11      1%          3
 Mephitic Cloud           Conj/Alch/Air  51%        N/A       1%          3
 Ozocubu's Armour         Ice            39%        N/A       1%          3
 Swiftness                Air            39%        N/A       1%          3
 Brom's Barrelling Bould  Conj/Erth      72%        2d9       1%          4
 Flame Wave               Conj/Fire      56%        2d13      1%          4
 Fulminant Prism          Conj/Alch      28%        3d14      1%          4
 Leda's Liquefaction      Alch/Erth      30%        N/A       1%          4
 Petrify                  Alch/Erth      61%        N/A       1%          4
 Summon Blazeheart Golem  Fire/Summ      55%        N/A       1%          4
 Summon Lightning Spire   Summ/Air       55%        N/A       1%          4
 Arcjolt                  Conj/Air       28%        1d38      1%          5
 Fireball                 Conj/Fire      28%        3d12      1%          5
 Iskenderun's Battlesphe  Conj           68%        2d12      1%          5
 Summon Cactus Giant      Summ           33%        N/A       1%          6
 Martyr's Knell           Necr/Summ      47%        N/A       2%          4
 Apportation              Tloc           36%        N/A       4%          1
 Necrotise                Necr           72%        1d7       4%          1
 Inner Flame              Hex/Fire       28%        N/A       4%          3
 Volatile Blastmotes      Fire/Tloc      56%        2d14      4%          3
 Ignite Poison            Fire/Alch      39%        N/A       4%          4
 Olgreb's Toxic Radiance  Alch           39%        N/A       4%          4
 Sticky Flame             Fire/Alch      39%        2d8       4%          4
 Jinxbite                 Hex            36%        N/A       6%          2
 Lesser Beckoning         Tloc           36%        N/A       6%          2
 Sublimation of Blood     Necr           18%        N/A       6%          2
 Orb of Destruction       Conj           34%        9d10      9%          7
 Conjure Ball Lightning   Conj/Air       28%        3x3d8     11%         6
 Starburst                Conj/Fire      28%        6d9       11%         6
 Confusing Touch          Hex            18%        N/A       12%         3
 Sigil of Binding         Hex            18%        N/A       12%         3
 Tukima's Dance           Hex            18%        N/A       12%         3
 Vhi's Electric Charge    Tloc/Air       56%        N/A       14%         4
 Alistair's Intoxication  Alch           26%        N/A       14%         5
 Dimensional Bullseye     Hex/Tloc       9%         N/A       36%         4
 Metabolic Englaciation   Hex/Ice        14%        N/A       36%         5
 Silence                  Hex/Air        14%        N/A       36%         5
 Yara's Violent Unravell  Hex/Alch       14%        3d7       36%         5
 Plasma Beam              Fire/Air       19%        2x1d31    61%         6
 Sculpt Simulacrum        Ice/Alch       19%        N/A       61%         6
 Curse of Agony           Necr           18%        N/A       73%         5
 Shatter                  Erth           38%        3d30*     94%         9
 Death Channel            Necr           9%         N/A       99%         6
 Ozocubu's Refrigeration  Ice            19%        4d11      99%         7
 Enfeeble                 Hex            9%         N/A       100%        7
 Borgnjor's Revivificati  Necr           9%         N/A       100%        8
 Discord                  Hex            9%         N/A       100%        8
 Infestation              Necr           9%         N/A       100%        8
 Maxwell's Capacitive Co  Air            19%        ∞         100%        8
 Chain Lightning          Conj/Air       28%        3d37      100%        9
 Fire Storm               Conj/Fire      28%        8d7       100%        9
 Animate Armour           Summ/Erth      Unusable   N/A       N/A         4

Dungeon Overview and Level Annotations

Branches:
Dungeon (15/15)            Temple (1/1) D:7            Lair (5/5) D:11
 Shoals (4/4) Lair:3        Snake (4/4) Lair:2        Slime (5/5) Lair:4
    Orc (2/2) D:10            Elf (3/3) Orc:2        Vaults (4/5) D:14
  Crypt (3/3) Vaults:2       Tomb (0/3) Crypt:3      Depths (4/4) D:15
    Zot (5/5) Depths:4      Sewer (visited)          Bailey (visited)

Altars:
Ashenzari
Cheibriados
Dithmenos
Elyvilon
Fedhas
Gozag
Hepliaklqana
Kikubaaqudgha
Makhleb
Nemelex Xobeh
Okawaru
Qazlal
Ru
Sif Muna
Trog
Uskayaw
Vehumet
Wu Jian
Xom
Yredelemnul
Zin
The Shining One
Beogh
Jiyva

Shops:
D:1 (   D:9 [=[   D:15 *=*(   Orc:1 [!**   Orc:2 [=[:(   Elf:2 !   Elf:3 *
Shoals:3 (   Vaults:3 [   Zot:3 *   Depths:2 [(*(   Depths:4 :=:

Portals:
Hell: Depths:1 Depths:2 Depths:3 Depths:4
Abyss: Depths:3 Depths:4
Pandemonium: Depths:2 Depths:4
Ziggurat: Depths:3
Trove: D:13 (give horn of Geryon)

Annotations:
Slime:5 Royal Jelly
Zot:5 36 runed translucent doors


Innate Abilities, Weirdness & Mutations

You are a creature with a mouth for a stomach.
Your midsection houses a second, enormous mouth.
You can breathe blasts of antimagic.
Your rich purple scales are hard. (AC +12)
You cannot fit into any form of body armour.
You are cold-blooded and may be slowed by cold attacks.
Your tail ends in a venomous barb.
You have a somewhat thin skeletal structure. (Dex +2, Stealth+)
You are very agile. (Dex +8, Str/Int -2)
You are very frail. (-20% HP)
Your thick and shaggy fur keeps you warm. (AC +3, rC+)
You are occasionally teleported next to monsters.
Your transparent skin significantly reduces your foes' accuracy. (Stealth+)
You have a small jelly attached to you that senses nearby items.
You occasionally lose the ability to drink potions when taking damage.
You expend magic power (3 MP) to strengthen your wands.


Message History

You feel strangely stable.
The purple draconian is engulfed in blazing flames.
You block the purple draconian's attack.
Unknown command.
Blink to where?
Press: ? - help, Q - select action, (/) - cycle Dir - move target A yellow draconian comes into view.
It is wielding a +0 war axe.
As you read the scroll of blinking {@r4}, it crumbles to dust.
The red draconian scorcher gestures at you while chanting.
The sphere of damnation explodes!
The damnation engulfs you!!
* * * LOW HITPOINT WARNING * * *
You feel threatened and lose the ability to drink potions!
The purple draconian is engulfed in blazing flames.
The red draconian scorcher gestures at you while chanting.
The sphere of damnation explodes!
The damnation engulfs you!!
* * * LOW HITPOINT WARNING * * *
The yellow draconian spits acid at you. The splash of acid hits you!
You resist.
* * * LOW HITPOINT WARNING * * *
The acid corrodes you!
Unknown command.
Read: 2 scrolls of summoning {!r}
Press: ? - help, Q - select action, (/) - cycle Dir - look around, f - activate Look: an Orb Guardian
As you read the scroll of summoning {!r}, it crumbles to dust.
Wisps of shadow whirl around you... The Orb Guardian closely misses you.
As you read the scroll of teleportation {@r3}, it crumbles to dust.
You feel strangely unstable.
You feel the Orb delaying your translocation!
You block the Orb Guardian's attack. x2
Your storm dragon bites the Orb Guardian but does no damage.
Your storm dragon claws the Orb Guardian.
Your storm dragon tramples the Orb Guardian but does no damage.
Your storm dragon bites the Orb Guardian.
Your storm dragon barely misses the Orb Guardian.
Your storm dragon tramples the Orb Guardian but does no damage.
The Orb Guardian hits you!!
You die...
Jiyva sends a jelly to digest your remains.

**^,,,,,,...............▓,,,,
**,,,,,,,,............^..▓*,,,
*,,,,,,^,,...............▓**,,
*^,,,,,,,,...............# ***
**,,,,,,,,....^...X.XX..##
**,,,,,,,.......§XLXX▓##
**,,.,,,.........▓▓▓▓
**^....##▓▓▓▓▓▓▓▓▓▓▓#
**,,.^..d.DW.....^^..###
**,,,.......XXd...##....##
**,,,,........D.(.q.###...####
*,,,,,............q.○###.)....
*,,,,,...........d..°# ##.)^..
*,,,,,............d..# #..^..
*,,,,,...^..^........# ##^...
*,,,,,^........[.....# #....
*,,,,,,,,,,,,....^^..# ##....


You could see a yellow draconian (catching breath), 3 draconians, 2 Orb
Guardians, 2 draconians and 2 friendly storm dragons.

Vanquished Creatures
  4 dread liches
  Khufu (Crypt:1)
  4 ancient liches
  2 orbs of fire (Zot:5)
  2 juggernauts
  Boris (Depths:2)
  2 royal mummies (Crypt:1)
  5 Killer Klowns
  Saint Roka (Vaults:4)
  Vashnia (Snake:4)
  A caustic shrike (Depths:2)
  11 golden dragons
  3 curse toes
  Nikola (Vaults:1)
  Norris (Vaults:2)
  2 electric golems
  12 tentacled monstrosities
  Zenata (Elf:3)
  3 quicksilver dragons
  4 Orb Guardians
  8 liches
  2 titans
  3 deep elf blademasters
  A kraken (Shoals:3)
  2 deep elf master archers (Elf:3)
  Polyphemus (Shoals:2)
  2 Executioners (Zot:4)
  5 ancient champions
  8 death cobs
  10 storm dragons
  3 sphinxes
  3 tengu reavers
  Aizul (Vaults:1)
  4 shadow dragons
  Kirke (Shoals:1)
  A revenant (Crypt:2)
  A nagaraja (Snake:4)
  A protean progenitor (Zot:4)
  A draconian monk (Zot:4)
  4 draconian knights
  2 iron dragons
  6 draconian shifters
  6 frost giants
  The ghost of Qyvoanyo the Sorcerer, an adept DEFE of Vehumet (Elf:2)
  16 vault wardens
  5 deep elf sorcerers
  2 ghost moths
  5 fire giants
  2 caustic shrike zombies
  Louise (D:14)
  2 deep elf elementalists (Elf:3)
  3 balrugs (Zot:4)
  6 ghouls
  2 curse skulls
  An angel (Shoals:4)
  8 draconian stormcallers
  2 draconian scorchers (Zot:4)
  6 orc warlords
  7 draconian annihilators
  2 reapers
  12 ironbound preservers
  3 very ugly things
  10 deep elf death magi
  13 stone giants
  10 ironbound thunderhulks
  11 vampire knights
  6 deep elf demonologists (Elf:3)
  12 green draconians
  14 yellow draconians
  9 black draconians
  2 apis (Shoals:4)
  7 white draconians
  9 deep elf annihilators
  A lorocyproca (Depths:4)
  2 spark wasps (Depths:4)
  2 purple draconians
  7 red draconians
  10 dire elephants
  Snorg (Lair:4)
  3 blizzard demons (Zot:4)
  A green death (Depths:2)
  2 ettins
  3 eidola
  5 merfolk javelineers
  An entropy weaver (Vaults:1)
  11 jiangshi
  A deep elf high priest (Elf:3)
  10 merfolk impalers
  4 salamander tyrants
  8 yaktaur captains
  6 fire dragons
  4 rakshasas (Depths:1)
  Harold (D:9)
  9 ice dragons
  A fenstrider witch zombie (Crypt:1)
  A peacekeeper (Vaults:1)
  9 vault guards
  2 juggernaut simulacra
  2 catoblepae
  4 boulder beetles
  5 hydras
  11 ironbound frosthearts
  A merfolk avatar (Shoals:2)
  3 spriggan air magi
  An ogre mage (D:14)
  26 dancing weapons
  9 two-headed ogres
  6 merfolk aquamancers (Shoals:4)
  6 deep troll shamans
  9 centaur warriors
  22 anacondas
  An alligator snapping turtle (Shoals:4)
  4 deep troll earth magi
  A titan zombie (Vaults:3)
  2 tengu warriors
  7 vampire magi
  Urug (D:10)
  6 spriggan berserkers
  An occultist (D:14)
  9 death yaks
  20 naga warriors
  4 orc high priests
  A sun demon (Depths:2)
  4 hell knights
  18 naga sharpshooters
  6 shock serpents
  An emperor scorpion zombie (Crypt:2)
  19 deep elf knights
  8 iron trolls
  8 skysharks
  Lodul (D:12)
  2 goliath frogs (Zot:4)
  2 shadow wraiths
  3 salamander mystics
  10 skeletal warriors
  48 deep trolls
  8 sea snakes
  2 cherubim (Shoals:4)
  4 large abominations (Depths:3)
  9 arcanists
  8 mana vipers
  14 lindwurms
  A quicksilver dragon simulacrum (Vaults:3)
  A glowing orange brain (shapeshifter) (D:15)
  5 flayed ghosts
  A death drake (shapeshifter) (D:15)
  16 ironbound convokers
  2 spriggan simulacra (Crypt:1)
  10 naga ritualists
  2 bunyip skeletons (Crypt:1)
  A golden dragon skeleton (Depths:3)
  2 thermic dynamos
  Pikel (D:4)
  10 deep elf archers
  2 bog bodies (Crypt:2)
  11 phantasmal warriors
  37 deep elf pyromancers
  15 harpies
  A frost giant zombie (Crypt:3)
  27 deep elf zephyrmancers
  7 necromancers
  A shadow dragon skeleton (Vaults:3)
  13 orc knights
  7 cyclopes
  4 orc sorcerers
  A wolf spider (D:15)
  3 fauns (Shoals:2)
  A stone giant zombie (Crypt:1)
  Maurice (D:8)
  An iron dragon skeleton (Crypt:2)
  57 ugly things
  3 meliai (D:13)
  16 manticores
  15 salamanders
  25 moths of wrath
  A centaur zombie (Crypt:3)
  10 elephants
  A water nymph (shapeshifter) (Depths:1)
  9 merfolk sirens
  10 guardian serpents
  14 naga magi
  8 kobold blastminers
  13 vault sentinels
  A torpor snail (Lair:5)
  4 water nymphs
  49 black mambas
  8 unseen horrors
  20 cane toads
  2 gargoyles (D:14)
  A kobold demonologist (D:12)
  An efreet (D:14)
  5 rime drakes
  An orb spider zombie (Crypt:1)
  4 guardian mummies (Crypt:3)
  5 freezing wraiths
  29 yaktaurs
  9 nameless horrors
  9 komodo dragons
  3 tengu conjurers
  A catoblepas skeleton (Crypt:3)
  A silent spectre (D:14)
  9 trolls
  A death drake zombie (Crypt:1)
  15 merfolk
  3 polar bears
  Prince Ribbit (D:9)
  2 tyrant leeches (Lair:5)
  9 hornets
  A tarantella zombie (Crypt:1)
  24 blink frogs
  3 wind drakes
  The ghost of Sapher the Magician, an amateur CoHu (D:9)
  4 human skeletons (Vaults:2)
  5 dream sheep (Shoals:4)
  A harpy skeleton (Crypt:3)
  A stone giant simulacrum (Crypt:3)
  5 snapping turtles
  A satyr skeleton (Crypt:2)
  7 spriggans
  20 slime creatures
  5 vampires
  A wind drake zombie (Crypt:1)
  10 water elementals
  Eustachio (D:4)
  Sigmund (D:4)
  58 yaks
  A wyvern (shapeshifter) (Vaults:1)
  3 shadows
  3 basilisks
  16 fire elementals
  5 wargs
  4 wraiths
  2 death yak simulacra (Lair:5)
  Grum (D:9)
  A redback (Vaults:1)
  4 hogs (Shoals:1)
  A human (D:14)
  18 vampire mosquitoes
  Edmund (D:4)
  A wind drake skeleton (Crypt:3)
  A tyrant leech zombie (Crypt:3)
  An acid dragon (D:12)
  50 nagas
  A chaos spawn (Depths:3)
  18 water moccasins
  An ogre skeleton (Vaults:3)
  3 black bears
  3 sky beasts
  A hornet zombie (Crypt:3)
  43 orc warriors
  2 ice beasts (D:5)
  2 swamp dragon zombies (Crypt:3)
  11 ogres
  A blink frog zombie (Crypt:2)
  18 laughing skulls
  A boggart (D:14)
  A torpor snail zombie (Crypt:3)
  An elephant skeleton (Crypt:2)
  12 wolves
  12 centaurs
  4 lemures
  A salamander zombie (Crypt:1)
  17 bullfrogs
  3 gnoll sergeants
  4 kobold brigands
  3 small abominations (Depths:3)
  A komodo dragon skeleton (Crypt:1)
  A scorpion (D:5)
  13 wights
  An elephant simulacrum (Lair:5)
  4 killer bees (D:9)
  5 electric eels
  4 howler monkeys
  2 bombardier beetles
  2 hounds (D:4)
  13 jellies
  25 orc priests
  Crazy Yiuf (D:2)
  5 iguanas
  25 orc wizards
  5 hell rats
  An ice beast zombie (Crypt:2)
  7 mummies (Crypt:3)
  14 gnolls
  8 adders
  A river rat (Sewer)
  A white imp (D:5)
  2 dart slugs (D:4)
  2 ribbon worms (D:2)
  80 orcs
  11 endoplasms
  7 giant cockroaches
  10 goblins
  8 hobgoblins
  3 jackals (D:5)
  23 kobolds
  4 quokkas
  8 ball pythons
  9 bats
  12 frilled lizards
  A jackal zombie (Crypt:3)
  2 quokka skeletons
  A quokka zombie (Crypt:2)
  15 rats
  A river rat skeleton (Crypt:3)
  3 tentacles (Shoals:3)
2094 creatures vanquished.

Vanquished Creatures (collateral kills)
  Tiamat (Zot:1)
  Frederick (Crypt:3)
  A dread lich (Zot:5)
  An ancient lich (Zot:5)
  2 orbs of fire (Zot:5)
  Josephina (Crypt:1)
  Boris (Crypt:3)
  A Killer Klown (Zot:4)
  A curse toe (Zot:5)
  3 golden dragons
  2 electric golems
  7 Orb Guardians (Zot:5)
  2 tentacled monstrosities (Zot:3)
  A sphinx (Depths:2)
  3 death cobs
  An ancient champion (Crypt:1)
  A tengu reaver (Depths:2)
  A storm dragon (Zot:2)
  A draconian monk (Zot:2)
  6 shadow dragons
  2 draconian scorchers
  A draconian knight (Zot:3)
  An iron dragon (Depths:2)
  A frost giant (Depths:1)
  A protean progenitor (Zot:4)
  A fire giant (Depths:2)
  A draconian shifter (Zot:2)
  A curse skull (Crypt:3)
  3 draconian annihilators
  An orc warlord (Elf:3)
  2 ghouls
  2 draconian stormcallers
  A balrug (Zot:4)
  An ironbound thunderhulk (Vaults:4)
  An ironbound preserver (Vaults:2)
  A stone giant (Depths:3)
  2 green draconians
  A purple draconian (Zot:1)
  5 yellow draconians
  4 black draconians
  2 spark wasps (Depths:4)
  2 red draconians
  2 white draconians
  2 eidola
  2 blizzard demons (Zot:4)
  3 jiangshi (Crypt:3)
  A death knight (Crypt:1)
  A deep troll shaman (Depths:4)
  A vampire mage (Crypt:2)
  An occultist (Depths:1)
  4 deep troll earth magi
  A hell knight (Depths:2)
  A titan skeleton (Depths:3)
  An iron troll (Depths:2)
  A skeletal warrior (Crypt:3)
  A deep troll (Depths:2)
  A bunyip skeleton (Crypt:2)
  3 phantasmal warriors
  4 necromancers
  An ugly thing (Depths:2)
  A jorogumo skeleton (Crypt:1)
  3 moths of wrath
  A guardian mummy (Crypt:3)
  A hydra skeleton (Crypt:1)
  An iron dragon simulacrum (Depths:3)
  A vampire (Crypt:2)
  A water elemental (Depths:1)
  A wraith (Crypt:1)
  A glowing shapeshifter skeleton (Depths:3)
  3 orc warriors (Bailey)
  A laughing skull (Crypt:3)
  A hog skeleton (Crypt:3)
  3 kobold brigands (Bailey)
  A shapeshifter skeleton (Crypt:1)
126 creatures vanquished.

Vanquished Creatures (others)
  A tentacled monstrosity (Depths:1)
  A sphinx (Depths:2)
  A fire giant (Depths:2)
  A frost giant (Depths:2)
  A draconian knight (Zot:2)
  An orc warlord (Vaults:3)
  An ironbound preserver (Vaults:2)
  A formless jellyfish (Vaults:3)
  A very ugly thing (Depths:2)
  A formless jellyfish (shapeshifter) (Zot:5)
  A vampire knight (Depths:2)
  An ironbound thunderhulk (Vaults:3)
  An ettin (shapeshifter) (Depths:3)
  2 yaktaur captains
  A great orb of eyes (shapeshifter) (Zot:5)
  8 great orbs of eyes
  A spriggan air mage (Depths:2)
  A dancing weapon (Elf:2)
  2 glowing orange brains (Depths:2)
  A deep troll earth mage (Depths:2)
  2 deep troll shamans (Depths:3)
  A two-headed ogre (shapeshifter) (Zot:5)
  A hell knight (Depths:2)
  A shadow wraith (Crypt:2)
  A lindwurm (Vaults:2)
  2 ironbound convokers
  2 arcanists (Vaults:3)
  2 deep elf zephyrmancers
  A necromancer (Vaults:2)
  2 orc knights (Vaults:3)
  A deep elf pyromancer (Elf:2)
  An ugly thing (Depths:2)
  A cyclops (shapeshifter) (Zot:5)
  A moth of wrath (Zot:2)
  A fire giant skeleton (Vaults:3)
  A vault sentinel (Vaults:3)
  2 naga magi (Snake:4)
  A centaur skeleton (Crypt:3)
  3 yaktaurs
  3 glass eyes (Zot:4)
  A dream sheep (Shoals:4)
  21 slime creatures
  A water elemental (Elf:3)
  3 humans (Shoals:1)
  A dire elephant simulacrum (Crypt:1)
  A redback (Vaults:1)
  A swamp worm (shapeshifter) (Depths:3)
  A boggart (D:14)
  A centaur (D:15)
  243 jellies
  A boggart zombie (Crypt:3)
  A tentacle (Shoals:3)
335 creatures vanquished.

Grand Total: 2555 creatures vanquished

Notes
Turn   | Place    | Note
-------+----------+-------------------------------------------
     0 | D:1      | ArchonOfCruelty the Draconian Cinder Acolyte began the
                  | quest for the Orb.
     0 | D:1      | Reached XP level 1. HP: 19/19 MP: 2/2
   202 | D:1      | Reached XP level 2. HP: 26/26 MP: 3/3
   683 | D:1      | Reached skill level 1 in Stealth
  1063 | D:1      | Found Yrhanlorch's Weapon Shop.
  1066 | D:1      | Reached XP level 3. HP: 33/33 MP: 5/5
  1100 | D:1      | Learned a level 2 spell: Scorch
  1312 | D:2      | Found a runed translucent door.
  1313 | D:2      | Noticed Crazy Yiuf
  1772 | D:2      | Found a faded altar of an unknown god.
  2408 | D:2      | Reached XP level 4. HP: 26/40 MP: 1/7
  3153 | D:3      | Reached skill level 4 in Fighting
  3298 | D:3      | Identified the +2 pair of boots "Qocerpha" {rN++}
  3626 | D:3      | Found an ornate altar of the Wu Jian Council.
  3983 | D:4      | Noticed Pikel
  3983 | D:4      | Noticed a lemure
  3983 | D:4      | Noticed a lemure
  3983 | D:4      | Noticed a lemure
  3983 | D:4      | Noticed a lemure
  4047 | D:3      | Killed a lemure
  4191 | D:4      | Reached XP level 5. HP: 45/46 MP: 1/8
  4323 | D:4      | Noticed Sigmund
  4327 | D:4      | Killed Sigmund
  4328 | D:4      | Reached XP level 6. HP: 55/55 MP: 2/10
  4525 | D:4      | Noticed Edmund
  4544 | D:4      | Killed Edmund
  4545 | D:4      | Reached skill level 5 in Fighting
  4747 | D:4      | Noticed Eustachio
  4752 | D:4      | Killed Eustachio
  4753 | D:4      | Reached skill level 5 in Fire Magic
  4753 | D:4      | Your scales start taking on a rich purple colour.
  4753 | D:4      | Reached XP level 7. HP: 62/62 MP: 1/14
  4758 | D:4      | Reached skill level 5 in Spellcasting
  4860 | D:4      | Found a radiant altar of Vehumet.
  5105 | D:4      | Reached skill level 6 in Fighting
  5644 | D:4      | Killed Pikel
  5645 | D:4      | Reached skill level 7 in Fighting
  5645 | D:4      | Reached XP level 8. HP: 53/73 MP: 0/18
  5865 | D:5      | Entered Level 5 of the Dungeon
  6162 | D:5      | Found a hazy altar of Hepliaklqana.
  6389 | D:5      | Reached skill level 8 in Fighting
  6503 | D:5      | Found a glowing drain.
  6534 | Sewer    | Entered a sewer
  7311 | D:5      | Reached skill level 9 in Fighting
  7311 | D:5      | Reached XP level 9. HP: 61/83 MP: 0/21
  7930 | D:6      | Found a bloodstained altar of Trog.
  7930 | D:6      | Found a stormy altar of Qazlal.
  7930 | D:6      | Found a sacrificial altar of Ru.
  8215 | D:6      | Reached skill level 10 in Fighting
  8371 | D:7      | Reached skill level 10 in Spellcasting
  8371 | D:7      | Reached skill level 1 in Dodging
  8455 | D:7      | Found a sparkling altar of Nemelex Xobeh.
  8866 | D:7      | Found a flagged portal.
  8873 | D:7      | Identified the +5 hand axe "Ughoemn" {flame, Int+3 SInv}
  8877 | Bailey   | Entered a bailey
  9174 | Bailey   | Identified the ring "Okhlidoth" {rN+ Slay+4}
  9188 | Bailey   | Reached skill level 5 in Dodging
  9188 | Bailey   | Reached XP level 10. HP: 55/93 MP: 21/24
  9239 | Bailey   | Found an iron altar of Okawaru.
  9671 | D:7      | Found a staircase to the Ecumenical Temple.
  9680 | Temple   | Entered the Ecumenical Temple
 11015 | D:8      | Noticed a cyclops
 11021 | D:8      | Killed a cyclops
 11205 | D:9      | Noticed a two-headed ogre
 11216 | D:9      | Killed a two-headed ogre
 11352 | D:9      | Found a runed translucent gate.
 11353 | D:9      | Found a runed translucent gate.
 11353 | D:9      | Noticed Sapher's ghost (amateur CoHu)
 11354 | D:9      | Found a runed translucent gate.
 11356 | D:9      | Noticed a cyclops
 11358 | D:9      | Noticed a cyan ugly thing
 11374 | D:9      | Noticed Harold
 11398 | D:9      | Killed Harold
 11405 | D:9      | Noticed Maurice
 11530 | D:9      | Maurice stole 248 gold
 11539 | D:8      | Killed Maurice
 11938 | D:9      | Noticed Prince Ribbit
 11989 | D:9      | Killed Prince Ribbit
 11990 | D:9      | Reached XP level 11. HP: 72/99 MP: 1/28
 12242 | D:9      | Found Jeoprouran's Jewellery Boutique.
 12243 | D:9      | Found Nesh's Antique Armour Boutique.
 12244 | D:9      | Found Baprow's Antique Armour Boutique.
 12350 | D:9      | Noticed Grum
 12372 | D:9      | Killed Grum
 12805 | D:10     | Entered Level 10 of the Dungeon
 12833 | D:10     | Found a staircase to the Orcish Mines.
 12972 | D:10     | Noticed a two-headed ogre
 12982 | D:10     | Killed a two-headed ogre
 13105 | D:10     | Paralysed by a hornet for 1 turns
 13351 | D:10     | Reached skill level 15 in Spellcasting
 13351 | D:10     | Reached skill level 1 in Evocations
 13571 | D:10     | Noticed a +4 long sword
 13574 | D:10     | Noticed an arcanist
 13576 | D:10     | Noticed Urug
 13577 | D:10     | Noticed an orc knight
 13581 | D:10     | Killed an arcanist
 13582 | D:10     | Reached skill level 5 in Evocations
 13588 | D:10     | Killed Urug
 13590 | D:10     | Killed an orc knight
 13870 | D:9      | Learned a level 5 spell: Freezing Cloud
 14099 | D:11     | Found a staircase to the Lair.
 14327 | D:11     | Reached skill level 1 in Ice Magic
 14327 | D:11     | Reached skill level 1 in Air Magic
 14938 | Lair:1   | Entered Level 1 of the Lair of Beasts
 15228 | Lair:1   | Reached skill level 5 in Conjurations
 15338 | Lair:1   | Reached XP level 12. HP: 80/106 MP: 5/31
 16207 | Lair:1   | Reached skill level 5 in Ice Magic
 16207 | Lair:1   | Reached skill level 5 in Air Magic
 16902 | Lair:1   | Reached skill level 11 in Fighting
 17547 | Lair:2   | Found a staircase to the Snake Pit.
 18219 | Lair:2   | Reached skill level 12 in Fighting
 19413 | Lair:3   | Reached XP level 13. HP: 112/118 MP: 17/32
 20614 | Lair:3   | Found a staircase to the Shoals.
 20977 | Lair:4   | Reached skill level 13 in Fighting
 21496 | Lair:4   | Found a staircase to the Slime Pits.
 21657 | Lair:4   | Found a viscous altar of Jiyva.
 21710 | Lair:4   | Reached skill level 10 in Conjurations
 22079 | Lair:4   | Reached skill level 14 in Fighting
 22121 | Lair:4   | Noticed Snorg
 22128 | Lair:4   | Killed Snorg
 22518 | Lair:5   | Entered Level 5 of the Lair of Beasts
 22849 | Lair:5   | Reached skill level 15 in Fighting
 23138 | Lair:4   | Reached XP level 14. HP: 21/135 MP: 0/33
 25145 | Orc:1    | Entered Level 1 of the Orcish Mines
 25441 | Orc:2    | Entered Level 2 of the Orcish Mines
 25917 | Orc:2    | Found a roughly hewn altar of Beogh.
 26223 | Orc:2    | Found a roughly hewn altar of Beogh.
 26229 | Orc:2    | Found a roughly hewn altar of Beogh.
 26391 | Orc:2    | Found Pighi's Jewellery Emporium.
 26444 | Orc:2    | Found a roughly hewn altar of Beogh.
 26526 | Orc:2    | Noticed an orc warlord
 26754 | Orc:2    | Found a roughly hewn altar of Beogh.
 26868 | Orc:2    | Found Xeliziot's Antique Armour Shop.
 27025 | Orc:2    | Killed an orc warlord
 27181 | Orc:2    | Found Owib Efu's Antique Armour Boutique.
 27182 | Orc:2    | Found a roughly hewn altar of Beogh.
 27183 | Orc:2    | Found Buimag's Antique Weapon Shop.
 27309 | Orc:2    | Found Enuzxi Reba's Book Emporium.
 27632 | Orc:2    | Found a roughly hewn altar of Beogh.
 27650 | Orc:2    | Noticed an orc warlord
 27658 | Orc:2    | Noticed an orc warlord
 27661 | Orc:2    | Reached skill level 10 in Dodging
 27687 | Orc:2    | Reached skill level 1 in Earth Magic
 27828 | Orc:1    | Killed an orc warlord
 28014 | Orc:1    | Killed an orc warlord
 28403 | Orc:2    | Found a roughly hewn altar of Beogh.
 28440 | Orc:2    | Found a staircase to the Elven Halls.
 28469 | Orc:1    | Found Pudutann's Armour Shop.
 28676 | Orc:1    | Found Higiteuwnu's Distillery.
 28676 | Orc:1    | Found Waggicis's Assorted Antiques.
 28684 | Orc:1    | Bought a potion of curing for 84 gold pieces
 28687 | Orc:1    | Found Piru Mei's Assorted Antiques.
 28695 | Orc:1    | Bought a black potion for 25 gold pieces
 28877 | Orc:1    | Bought a potion of heal wounds for 75 gold pieces
 28911 | Orc:1    | Bought a pair of runed gloves for 210 gold pieces
 28936 | Orc:2    | Bought a book of the Earth for 540 gold pieces
 28943 | Orc:2    | Learned a level 6 spell: Bombard
 29137 | D:12     | Reached skill level 5 in Earth Magic
 29761 | D:12     | Noticed Lodul
 29768 | D:12     | Killed Lodul
 30973 | D:12     | Found a hazy altar of Hepliaklqana.
 31182 | D:13     | Found a sparkling altar of Nemelex Xobeh.
 31204 | D:13     | Reached XP level 15. HP: 131/141 MP: 27/34
 32236 | D:13     | Found a portal to a secret trove of treasure.
 32767 | D:14     | Found a transporter.
 32773 | D:14     | Got Dilady's Anthology of the Pestle
 32978 | D:14     | Reached skill level 10 in Earth Magic
 33354 | D:14     | Noticed Louise
 33369 | D:14     | Killed Louise
 33702 | D:14     | Got the Tome of Plaster Cramp
 33709 | D:14     | Got Ts'ui Pên's Parchment of Forking Paths
 33717 | D:14     | Got Jipnuja's Grimoire of Sand
 34060 | D:14     | Found a gate to the Vaults.
 34311 | D:14     | Found a transporter.
 34343 | D:15     | Entered Level 15 of the Dungeon
 34343 | D:15     | Found Ykabag's General Store.
 34409 | D:15     | Bought 3 scrolls of blinking for 337 gold pieces
 34906 | D:15     | Found a stormy altar of Qazlal.
 35108 | D:15     | Found Qybeorei's Weapon Emporium.
 35654 | D:15     | Found Enillu Quap's Jewellery Emporium.
 35730 | D:15     | Found Gieg's Assorted Antiques.
 35738 | D:15     | Bought a potion of heal wounds for 140 gold pieces
 35962 | D:15     | Found a staircase to the Depths.
 36035 | D:15     | Learned a level 5 spell: Lee's Rapid Deconstruction
 36195 | Snake:1  | Entered Level 1 of the Snake Pit
 36520 | Orc:2    | Bought the +3 pair of mountain boots {steadfast, rC+} for
                  | 837 gold pieces
 36520 | Orc:2    | Found the +3 pair of mountain boots {steadfast, rC+}
 37018 | Snake:1  | Reached XP level 16. HP: 131/149 MP: 9/35
 37995 | Snake:1  | Reached skill level 15 in Earth Magic
 40943 | Snake:3  | Found a flickering gateway to a bazaar.
 40962 | Bazaar   | Entered a bazaar
 40962 | Bazaar   | Found Orielou's Antique Armour Boutique.
 40995 | Bazaar   | Found Ifrur's Weapon Shoppe.
 41000 | Bazaar   | Found Dahuotor's Armour Emporium.
 41008 | Bazaar   | Found Nes Kido's Magic Scroll Shop.
 41017 | Bazaar   | Bought a scroll of blinking for 142 gold pieces
 41028 | Bazaar   | Found Axzoyshri's Antique Armour Boutique.
 41036 | Bazaar   | Bought a pair of dazzling gloves for 209 gold pieces
 41036 | Bazaar   | Identified the +0 pair of gloves of Tourphos {Regen+} (You
                  | bought it in a shop in a bazaar)
 43251 | Lair:4   | Fell from the grace of Ignis
 43251 | Lair:4   | Became a worshipper of Jiyva Juxucoff the Shapeless
 43510 | D:2      | Killed Crazy Yiuf
 43683 | D:9      | Killed Sapher's ghost
 44016 | Shoals:1 | Entered Level 1 of the Shoals
 44017 | Shoals:1 | Noticed Kirke
 44027 | Shoals:1 | Killed Kirke
 45719 | Shoals:1 | Reached * piety under Jiyva
 46035 | Shoals:2 | Learned a level 5 spell: Borgnjor's Vile Clutch
 46123 | Shoals:2 | Reached XP level 17. HP: 156/156 MP: 24/36
 46170 | Shoals:2 | Noticed Polyphemus
 46288 | Shoals:2 | Reached ** piety under Jiyva
 46578 | Shoals:2 | Killed Polyphemus
 47308 | Shoals:3 | Reached *** piety under Jiyva
 47379 | Shoals:3 | Noticed a kraken
 47385 | Shoals:3 | Killed a kraken
 47534 | Shoals:3 | Found Rooloh's Antique Weapon Shop.
 47642 | Shoals:4 | Entered Level 4 of the Shoals
 47760 | Shoals:4 | Found a glowing golden altar of the Shining One.
 48134 | Shoals:4 | Gained mutation: Your mind is acute. (Int +4, Str/Dex -1)
                  | [Jiyva's grace]
 48134 | Shoals:4 | Gained mutation: Your mind is very acute. (Int +8, Str/Dex
                  | -2) [Jiyva's grace]
 48134 | Shoals:4 | Gained mutation: You have acidic saliva. [Jiyva's grace]
 48134 | Shoals:4 | Gained mutation: You are robust. (+10% HP) [Jiyva's grace]
 48150 | Shoals:4 | Reached skill level 16 in Fighting
 48321 | Shoals:4 | Found a white marble altar of Elyvilon.
 48484 | Shoals:4 | Found a glowing silver altar of Zin.
 48494 | Shoals:4 | Identified the +4 scale mail of the Devil's Advocate {-Tele
                  | rF++ Str+3}
 48763 | Shoals:4 | Was forgiven by Ignis
 48794 | Shoals:4 | Got a barnacled rune of Zot
 49094 | Snake:4  | Entered Level 4 of the Snake Pit
 49463 | Snake:4  | Reached **** piety under Jiyva
 49607 | Snake:4  | Reached XP level 18. HP: 156/184 MP: 16/38
 49726 | Snake:4  | Reached skill level 17 in Fighting
 49938 | Snake:4  | Reached skill level 1 in Shields
 50373 | Snake:4  | Reached skill level 5 in Shields
 50672 | Snake:4  | Noticed Vashnia
 50714 | Snake:4  | Killed Vashnia
 51350 | Snake:4  | Found an iron altar of Okawaru.
 51362 | Snake:4  | Got a serpentine rune of Zot
 51604 | Elf:1    | Entered Level 1 of the Elven Halls
 51933 | Elf:1    | Reached skill level 10 in Shields
 52450 | Elf:1    | Reached ***** piety under Jiyva
 52877 | Elf:1    | Reached XP level 19. HP: 194/194 MP: 31/40
 53151 | Elf:2    | Reached skill level 1 in Shapeshifting
 53382 | Elf:2    | Lost mutation: Your mind is very acute. (Int +8, Str/Dex
                  | -2) [Jiyva's grace]
 53382 | Elf:2    | Lost mutation: You are robust. (+10% HP) [Jiyva's grace]
 53382 | Elf:2    | Gained mutation: You have a somewhat thin skeletal
                  | structure. (Dex +2, Stealth+) [Jiyva's grace]
 53382 | Elf:2    | Gained mutation: You have a moderately thin skeletal
                  | structure. (Dex +4, Stealth++) [Jiyva's grace]
 53382 | Elf:2    | Gained mutation: You have an unnaturally thin skeletal
                  | structure. (Dex +6, Stealth+++) [Jiyva's grace]
 53382 | Elf:2    | Gained mutation: You expend magic power (3 MP) to
                  | strengthen your wands. [Jiyva's grace]
 53490 | Elf:2    | Noticed Qyvoanyo's ghost (adept DEFE)
 53581 | Elf:2    | Found Ifez's Distillery.
 53581 | Elf:2    | Found a runed translucent door.
 53588 | Elf:2    | Bought a potion of curing for 45 gold pieces
 53588 | Elf:2    | Bought a potion of curing for 45 gold pieces
 53814 | Elf:2    | Found a huge runed translucent gate.
 53815 | Elf:2    | Found a huge runed translucent gate.
 53815 | Elf:2    | Found a huge runed translucent gate.
 53816 | Elf:2    | Found a huge runed translucent gate.
 53818 | Elf:2    | Found a huge runed translucent gate.
 54006 | Elf:2    | Killed Qyvoanyo's ghost
 54690 | Elf:2    | Reached skill level 5 in Shapeshifting
 54939 | Elf:3    | Entered Level 3 of the Elven Halls
 55148 | Elf:3    | Found Posh's General Store.
 55549 | Elf:3    | Reached ****** piety under Jiyva
 55683 | Elf:3    | Noticed Zenata
 55692 | Elf:3    | Killed Zenata
 55950 | Elf:3    | Identified the +2 robe of the Nexus {rF+ Regen+ Stlth+}
 55950 | Elf:3    | Identified the amulet of Equivalence {rN++ RegenMP+ rCorr}
 56007 | Elf:3    | Identified the +4 mace "Tegaexzu" {freeze, Int+4}
 56007 | Elf:3    | Identified the +0 leather armour of Free Will {Int+3 Dex+2}
 56122 | Elf:3    | Identified the ring "Isiseurr" {rElec rPois rF- Str+6}
 56162 | Elf:3    | Noticed a Tzitzimitl
 56685 | Elf:3    | Gained mutation: Your skin changes colour to match your
                  | surroundings (Stealth+). [Jiyva's grace]
 56685 | Elf:3    | Gained mutation: Your skin blends seamlessly with your
                  | surroundings (Stealth++). [Jiyva's grace]
 56685 | Elf:3    | Gained mutation: Your skin perfectly mimics your
                  | surroundings (Stealth+++). [Jiyva's grace]
 56685 | Elf:3    | Gained mutation: You have a pair of small horns on your
                  | head. [Jiyva's grace]
 56732 | Elf:3    | Identified the staff of Inquiry {*Slow rF+ rC+ Hexes Ice
                  | Alchemy}
 56737 | Elf:3    | Got the Anthology of the Squall and Hurting
 56739 | Elf:3    | Got Vv's Atlas of Calefaction and the Iceberg
 56742 | Elf:3    | Got the Parchment of Damaging Turbulence
 56809 | Elf:3    | Reached XP level 20. HP: 181/183 MP: 22/41
 57055 | Slime:1  | Entered Level 1 of the Pits of Slime
 57083 | Slime:5  | Entered Level 5 of the Pits of Slime
 57085 | Slime:5  | Found a viscous altar of Jiyva.
 57095 | Slime:5  | Identified the +0 lajatang of Xom, Hammering {venom, Str+3
                  | Dex+3}
 57142 | Slime:5  | Identified the staff of Biwn {rN+ MP-9 Str+6 Necro Ice}
 57153 | Slime:5  | Identified the +1 cloak "Cieseh" {MP+9 Str+3 Dex+2}
 57169 | Slime:5  | Identified the staff "Killer Klown's Regret" {rPois Air
                  | Alchemy}
 57173 | Slime:5  | Identified the +8 halberd of the Crafting Gods {speed, rF+
                  | Int-3 Dex+5}
 57295 | Slime:5  | Noticed the Royal Jelly
 57406 | Slime:5  | Got a starry gem with 251 turns to spare
 57408 | Slime:5  | Got a slimy rune of Zot
 57741 | Vaults:1 | Entered Level 1 of the Vaults
 57838 | Vaults:1 | Identified the serpent talisman of the Bequeathed God
                  | {Str+3 Int+5}
 57838 | Vaults:1 | Noticed Aizul
 57848 | Vaults:1 | Killed Aizul
 57912 | Vaults:1 | Noticed Nikola
 57920 | Vaults:1 | Killed Nikola
 58061 | Vaults:1 | Found a white marble altar of Elyvilon.
 58591 | Vaults:1 | Reached skill level 10 in Shapeshifting
 58824 | Vaults:1 | Reached skill level 15 in Shields
 59045 | Vaults:1 | Learned a level 5 spell: Irradiate
 59055 | Vaults:2 | Reached skill level 1 in Alchemy
 59166 | Vaults:2 | Lost mutation: You have an unnaturally thin skeletal
                  | structure. (Dex +6, Stealth+++) [Jiyva's grace]
 59166 | Vaults:2 | Lost mutation: Your skin perfectly mimics your surroundings
                  | (Stealth+++). [Jiyva's grace]
 59166 | Vaults:2 | Gained mutation: You are resistant to electric shocks.
                  | (rElec) [Jiyva's grace]
 59166 | Vaults:2 | Gained mutation: Your melee attacks may engulf your foes in
                  | ooze. [Jiyva's grace]
 59166 | Vaults:2 | Gained mutation: You have sharp toenails. [Jiyva's grace]
 59166 | Vaults:2 | Gained mutation: You have razor-sharp toenails. [Jiyva's
                  | grace]
 59266 | Vaults:2 | Found a crumbling gateway.
 59433 | Vaults:2 | Noticed Norris
 59450 | Vaults:2 | Killed Norris
 59732 | Vaults:2 | Reached skill level 5 in Alchemy
 59983 | Vaults:2 | Found a staircase to the Crypt.
 60464 | Vaults:2 | Learned a level 7 spell: Spellforged Servitor
 60564 | Vaults:2 | Reached skill level 1 in Summonings
 60605 | Vaults:3 | Reached XP level 21. HP: 191/191 MP: 5/42
 61178 | Vaults:3 | Reached skill level 5 in Summonings
 61646 | Vaults:3 | Identified the blade talisman of Purpose {Str+4}
 61653 | Vaults:3 | Lost mutation: You are resistant to electric shocks.
                  | (rElec) [Jiyva's grace]
 61653 | Vaults:3 | Gained mutation: Your rubbery body absorbs attacks. (AC +1,
                  | EV +1) [Jiyva's grace]
 61653 | Vaults:3 | Gained mutation: Your pliable body absorbs attacks. (AC +2,
                  | EV +2) [Jiyva's grace]
 61653 | Vaults:3 | Gained mutation: Your gelatinous body deflects attacks. (AC
                  | +3, EV +3) [Jiyva's grace]
 61653 | Vaults:3 | Lost mutation: You have razor-sharp toenails. [Jiyva's
                  | grace]
 61653 | Vaults:3 | Lost mutation: You have sharp toenails. [Jiyva's grace]
 61653 | Vaults:3 | Gained mutation: You have large cloven feet. [Jiyva's
                  | grace]
 61809 | Vaults:3 | Found Eraxenog's Armour Boutique.
 62003 | Vaults:4 | Noticed Saint Roka
 62015 | Vaults:4 | Killed Saint Roka
 62492 | Vaults:4 | Reached skill level 10 in Summonings
 63606 | Depths:1 | Entered Level 1 of the Depths
 64026 | Depths:1 | Lost mutation: Your skin blends seamlessly with your
                  | surroundings (Stealth++). [Jiyva's grace]
 64026 | Depths:1 | Lost mutation: You expend magic power (3 MP) to strengthen
                  | your wands. [Jiyva's grace]
 64026 | Depths:1 | Gained mutation: You have very sharp teeth. [Jiyva's grace]
 64026 | Depths:1 | Gained mutation: You have extremely sharp teeth. [Jiyva's
                  | grace]
 64026 | Depths:1 | Gained mutation: You have razor-sharp teeth. [Jiyva's
                  | grace]
 64026 | Depths:1 | Gained mutation: You have an increased reservoir of magic.
                  | (+10% MP) [Jiyva's grace]
 64368 | Depths:1 | Found a gateway to Hell.
 64493 | Depths:1 | Found an ancient bone altar of Kikubaaqudgha.
 64788 | Depths:2 | Found Son Ytofro's Antique Armour Emporium.
 64975 | Depths:2 | Reached XP level 22. HP: 200/200 MP: 28/47
 65062 | Depths:2 | Found Pub Zivu's Antique Weapon Emporium.
 65155 | Depths:2 | Identified the +2 robe "Xyrishracw" {rElec Int+2}
 65155 | Depths:2 | Noticed Boris
 65171 | Depths:2 | Killed Boris
 65207 | Depths:2 | Found Zamnat's Antique Weapon Boutique.
 65221 | Depths:2 | Found a white marble altar of Elyvilon.
 65441 | Depths:2 | Found Maobb's Assorted Antiques.
 65703 | Depths:2 | Noticed a golden dragon
 65737 | Depths:2 | Bought a potion of heal wounds for 165 gold pieces
 65800 | Depths:2 | Lost mutation: You have an increased reservoir of magic.
                  | (+10% MP) [Jiyva's grace]
 65800 | Depths:2 | Lost mutation: Your gelatinous body deflects attacks. (AC
                  | +3, EV +3) [Jiyva's grace]
 65800 | Depths:2 | Gained mutation: Your muscles are strong. (Str +4, Int/Dex
                  | -1) [Jiyva's grace]
 65800 | Depths:2 | Gained mutation: Your muscles are very strong. (Str +8,
                  | Int/Dex -2) [Jiyva's grace]
 65800 | Depths:2 | Gained mutation: You are robust. (+10% HP) [Jiyva's grace]
 65800 | Depths:2 | Gained mutation: You are very robust. (+20% HP) [Jiyva's
                  | grace]
 66049 | Depths:2 | Found a one-way gate leading to the halls of Pandemonium.
 66170 | Depths:2 | Noticed a caustic shrike
 66226 | Depths:2 | Noticed a golden dragon
 66336 | Depths:2 | Killed a golden dragon
 66339 | Depths:2 | Killed a golden dragon
 66389 | Depths:2 | Noticed a golden dragon
 66400 | Depths:2 | Killed a golden dragon
 66527 | Depths:2 | Killed a caustic shrike
 66934 | Depths:3 | Reached skill level 18 in Fighting
 67114 | Depths:3 | Found a one-way gateway to a ziggurat.
 67748 | Depths:3 | Found a one-way gate to the infinite horrors of the Abyss.
 68004 | Depths:3 | Noticed a juggernaut
 68010 | Depths:3 | Killed a juggernaut
 68103 | Depths:4 | Entered Level 4 of the Depths
 68104 | Depths:4 | Found an opulent altar of Gozag.
 68112 | Depths:4 | Reached skill level 1 in Long Blades
 68260 | Depths:4 | Found a gate to the Realm of Zot.
 68260 | Depths:4 | Noticed a golden dragon
 68267 | Depths:4 | Killed a golden dragon
 68504 | Depths:4 | Reached skill level 5 in Long Blades
 68530 | Depths:4 | Lost mutation: You have razor-sharp teeth. [Jiyva's grace]
 68530 | Depths:4 | Lost mutation: You have large cloven feet. [Jiyva's grace]
 68530 | Depths:4 | Lost mutation: You have a moderately thin skeletal
                  | structure. (Dex +4, Stealth++) [Jiyva's grace]
 68530 | Depths:4 | Lost mutation: Your muscles are very strong. (Str +8,
                  | Int/Dex -2) [Jiyva's grace]
 68530 | Depths:4 | Lost mutation: You have acidic saliva. [Jiyva's grace]
 68530 | Depths:4 | Gained mutation: You expend magic power (3 MP) to
                  | strengthen your wands. [Jiyva's grace]
 68530 | Depths:4 | Lost mutation: Your skin changes colour to match your
                  | surroundings (Stealth+). [Jiyva's grace]
 68530 | Depths:4 | Gained mutation: Your translucent skin slightly reduces
                  | your foes' accuracy. (Stealth+) [Jiyva's grace]
 68530 | Depths:4 | Gained mutation: Your translucent skin reduces your foes'
                  | accuracy. (Stealth+) [Jiyva's grace]
 68530 | Depths:4 | Gained mutation: Your transparent skin significantly
                  | reduces your foes' accuracy. (Stealth+) [Jiyva's grace]
 68607 | Depths:4 | Identified the +2 leather armour of Circular Logic {+Blink
                  | rPois rC++ Int-2}
 68632 | Depths:4 | Reached XP level 23. HP: 248/250 MP: 26/44
 68978 | Depths:4 | Noticed a juggernaut
 68984 | Depths:4 | Killed a juggernaut
 69092 | Depths:4 | Found Sylluudgh's Book Shoppe.
 69094 | Depths:4 | Found Pasieziw's Jewellery Shop.
 69095 | Depths:4 | Found Zanoma's Book Shoppe.
 69619 | D:15     | Bought the +11 scimitar "Hynett" {elec, MP+9 SInv} for 1616
                  | gold pieces
 69784 | Crypt:1  | Entered Level 1 of the Crypt
 70117 | Crypt:1  | Identified the ring "Rugaefam" {Ice Int+5}
 70117 | Crypt:1  | Noticed Josephina
 70418 | Crypt:1  | Noticed a royal mummy
 70428 | Crypt:1  | Noticed Khufu
 70434 | Crypt:1  | Noticed a royal mummy
 70439 | Crypt:1  | Killed Khufu
 70478 | Crypt:1  | Killed a royal mummy
 70479 | Crypt:1  | Reached skill level 10 in Long Blades
 70636 | Crypt:1  | Killed a royal mummy
 70679 | Crypt:1  | Killed Josephina
 70877 | Crypt:2  | Lost mutation: You have extremely sharp teeth. [Jiyva's
                  | grace]
 70877 | Crypt:2  | Lost mutation: You have a pair of small horns on your head.
                  | [Jiyva's grace]
 70877 | Crypt:2  | Lost mutation: Your muscles are strong. (Str +4, Int/Dex
                  | -1) [Jiyva's grace]
 70877 | Crypt:2  | Lost mutation: Your pliable body absorbs attacks. (AC +2,
                  | EV +2) [Jiyva's grace]
 70877 | Crypt:2  | Lost mutation: Your rubbery body absorbs attacks. (AC +1,
                  | EV +1) [Jiyva's grace]
 70877 | Crypt:2  | Gained mutation: You have a moderately thin skeletal
                  | structure. (Dex +4, Stealth++) [Jiyva's grace]
 70877 | Crypt:2  | Gained mutation: You have an unnaturally thin skeletal
                  | structure. (Dex +6, Stealth+++) [Jiyva's grace]
 70877 | Crypt:2  | Gained mutation: Your tail ends in a venomous barb.
                  | [Jiyva's grace]
 70877 | Crypt:2  | Gained mutation: Your tail ends in a sharp venomous barb.
                  | [Jiyva's grace]
 71593 | Crypt:2  | Got the Octavo of Rallying and Wanderlust
 71606 | Crypt:2  | Noticed a dread lich
 71615 | Crypt:2  | Killed a dread lich
 71619 | Crypt:2  | Identified the +1 robe "Livuec" {Rampage rElec Str+3 Int-3}
 71793 | Crypt:2  | Identified the +7 sling of the Kissing Goat {freeze,
                  | ^Fragile rC+++ rN+ Dex+3}
 71967 | Crypt:2  | Found a basalt altar of Yredelemnul.
 71972 | Crypt:2  | Got the Notes on Hyperthermia
 72090 | Crypt:2  | Learned a level 8 spell: Lehudib's Crystal Spear
 72093 | Crypt:2  | Learned a level 2 spell: Blink
 72168 | Crypt:3  | Entered Level 3 of the Crypt
 72336 | Crypt:3  | Got the Notes on Hurtful Enchantment
 72354 | Crypt:3  | Noticed an ancient lich
 72362 | Crypt:3  | Killed an ancient lich
 72414 | Crypt:3  | Identified the orb of Pride {light, ^Contam Str+4 Dex+4}
 72414 | Crypt:3  | Noticed Frederick
 72418 | Crypt:3  | Identified the +2 robe "Umoag" {rCorr Str+2 Dex-3}
 72418 | Crypt:3  | Noticed Boris
 72428 | Crypt:3  | Killed Frederick
 72429 | Crypt:3  | Killed Boris
 72528 | Crypt:3  | Noticed a curse toe
 72706 | Crypt:3  | Found a staircase to the Tomb.
 72864 | Crypt:3  | Reached skill level 15 in Long Blades
 72896 | Crypt:3  | Reached XP level 24. HP: 244/259 MP: 36/44
 72945 | Crypt:3  | Found an ancient bone altar of Kikubaaqudgha.
 73045 | Crypt:3  | Identified the ring of Kiatuy {rN++ rCorr Stlth+}
 73369 | Crypt:3  | Noticed a dread lich
 73369 | Crypt:3  | Noticed an ancient lich
 73384 | Crypt:3  | Killed a dread lich
 73392 | Crypt:3  | Killed an ancient lich
 73470 | Crypt:3  | Identified the ring "Orusoz" {rF- rN++ rCorr Int+6}
 73470 | Crypt:3  | Identified the ring "Lyoczyre" {rF- rN++ Str+6 Slay+5}
 73470 | Crypt:3  | Noticed a dread lich
 73576 | Crypt:3  | Killed a dread lich
 73630 | Crypt:3  | Identified the +2 trident of Harmony {speed, rF+ Str-4
                  | Int+6 Stlth+}
 73633 | Crypt:3  | Got the Thoughts on the Morgue
 73636 | Crypt:3  | Got the Guidebook on Vitriolic Terra Firma
 73853 | D:14     | Found a runed translucent door.
 73853 | D:14     | Found a bloodstained altar of Trog.
 73853 | D:14     | Found the +8 Wrath of Trog {antimagic, *Rage Rampage}
 73927 | D:14     | Identified the +6 chain mail "Kyik" {Str+3 Dex+3}
 74235 | Zot:1    | Entered Level 1 of the Realm of Zot
 74922 | Zot:1    | Lost mutation: You have very sharp teeth. [Jiyva's grace]
 74922 | Zot:1    | Lost mutation: Your tail ends in a sharp venomous barb.
                  | [Jiyva's grace]
 74922 | Zot:1    | Lost mutation: You have an unnaturally thin skeletal
                  | structure. (Dex +6, Stealth+++) [Jiyva's grace]
 74922 | Zot:1    | Lost mutation: You have a moderately thin skeletal
                  | structure. (Dex +4, Stealth++) [Jiyva's grace]
 74922 | Zot:1    | Lost mutation: Your transparent skin significantly reduces
                  | your foes' accuracy. (Stealth+) [Jiyva's grace]
 74922 | Zot:1    | Lost mutation: Your translucent skin reduces your foes'
                  | accuracy. (Stealth+) [Jiyva's grace]
 74922 | Zot:1    | Gained mutation: Your tail ends in a sharp venomous barb.
                  | [Jiyva's grace]
 74922 | Zot:1    | Gained mutation: Your tail ends in a wickedly sharp and
                  | venomous barb. [Jiyva's grace]
 74922 | Zot:1    | Gained mutation: Your mind is very acute. (Int +8, Str/Dex
                  | -2) [Jiyva's grace]
 74922 | Zot:1    | Gained mutation: Your spells are a little harder to cast,
                  | but a little more powerful. [Jiyva's grace]
 75010 | Zot:1    | Found the +4 dragonskin cloak
 75010 | Zot:1    | Noticed Tiamat
 75026 | Zot:1    | Killed Tiamat
 75027 | Zot:1    | Reached skill level 15 in Dodging
 75658 | Zot:2    | Reached skill level 19 in Fighting
 76231 | Zot:3    | Found Ypsuh's Changing Room.
 76401 | Zot:3    | Reached XP level 25. HP: 259/272 MP: 40/44
 76726 | Zot:3    | Lost mutation: Your spells are a little harder to cast, but
                  | a little more powerful. [Jiyva's grace]
 76726 | Zot:3    | Lost mutation: Your melee attacks may engulf your foes in
                  | ooze. [Jiyva's grace]
 76726 | Zot:3    | Gained mutation: Your translucent skin reduces your foes'
                  | accuracy. (Stealth+) [Jiyva's grace]
 76726 | Zot:3    | Gained mutation: Your transparent skin significantly
                  | reduces your foes' accuracy. (Stealth+) [Jiyva's grace]
 76726 | Zot:3    | Gained mutation: You are agile. (Dex +4, Str/Int -1)
                  | [Jiyva's grace]
 76726 | Zot:3    | Gained mutation: You are very agile. (Dex +8, Str/Int -2)
                  | [Jiyva's grace]
 77015 | Zot:3    | Noticed a Killer Klown
 77036 | Zot:3    | Noticed a Killer Klown
 77038 | Zot:3    | Killed a Killer Klown
 77083 | Zot:3    | Killed a Killer Klown
 77606 | Zot:4    | Noticed a Killer Klown
 77613 | Zot:4    | Killed a Killer Klown
 77947 | Zot:4    | Identified the +6 great sword "Giantbane" {drain, Str+2}
 78551 | Zot:4    | Lost mutation: Your tail ends in a wickedly sharp and
                  | venomous barb. [Jiyva's grace]
 78551 | Zot:4    | Lost mutation: Your tail ends in a sharp venomous barb.
                  | [Jiyva's grace]
 78551 | Zot:4    | Lost mutation: Your mind is very acute. (Int +8, Str/Dex
                  | -2) [Jiyva's grace]
 78551 | Zot:4    | Lost mutation: You are very robust. (+20% HP) [Jiyva's
                  | grace]
 78551 | Zot:4    | Gained mutation: You have a small jelly attached to you
                  | that senses nearby items. [Jiyva's grace]
 78551 | Zot:4    | Gained mutation: You are covered in fur. (AC +1) [Jiyva's
                  | grace]
 78551 | Zot:4    | Gained mutation: You are covered in thick fur. (AC +2)
                  | [Jiyva's grace]
 78551 | Zot:4    | Gained mutation: Your thick and shaggy fur keeps you warm.
                  | (AC +3, rC+) [Jiyva's grace]
 78816 | Zot:5    | Entered Level 5 of the Realm of Zot
 78982 | Zot:5    | Identified the +4 long sword of the Brewing Blowfly {vamp,
                  | Will+ Stlth+}
 78993 | Zot:5    | Reached skill level 20 in Fighting
 79033 | Zot:5    | Found a huge runed translucent gate.
 79033 | Zot:5    | Found a huge runed translucent gate.
 79033 | Zot:5    | Found a huge runed translucent gate.
 79033 | Zot:5    | Found a huge runed translucent gate.
 79033 | Zot:5    | Found a huge runed translucent gate.
 79033 | Zot:5    | Found a huge runed translucent gate.
 79034 | Zot:5    | Found a huge runed translucent gate.
 79034 | Zot:5    | Noticed a Killer Klown
 79035 | Zot:5    | Found a huge runed translucent gate.
 79035 | Zot:5    | Found a huge runed translucent gate.
 79035 | Zot:5    | Found a huge runed translucent gate.
 79036 | Zot:5    | Found a huge runed translucent gate.
 79037 | Zot:5    | Noticed a Killer Klown
 79037 | Zot:5    | Found a huge runed translucent gate.
 79037 | Zot:5    | Noticed a Killer Klown
 79039 | Zot:5    | Found a huge runed translucent gate.
 79040 | Zot:5    | Noticed a Killer Klown
 79203 | Zot:5    | Found a huge runed translucent gate.
 79203 | Zot:5    | Found a huge runed translucent gate.
 79205 | Zot:5    | Found a huge runed translucent gate.
 79205 | Zot:5    | Found a huge runed translucent gate.
 79205 | Zot:5    | Found a huge runed translucent gate.
 79207 | Zot:5    | Found a huge runed translucent gate.
 79208 | Zot:5    | Found a huge runed translucent gate.
 79208 | Zot:5    | Found a huge runed translucent gate.
 79209 | Zot:5    | Found a huge runed translucent gate.
 79210 | Zot:5    | Found a huge runed translucent gate.
 79213 | Zot:5    | Found a huge runed translucent gate.
 79214 | Zot:5    | Found a huge runed translucent gate.
 79215 | Zot:5    | Found a huge runed translucent gate.
 79215 | Zot:5    | Found a huge runed translucent gate.
 79215 | Zot:5    | Found a huge runed translucent gate.
 79215 | Zot:5    | Found a huge runed translucent gate.
 79215 | Zot:5    | Found a huge runed translucent gate.
 79215 | Zot:5    | Found a huge runed translucent gate.
 79215 | Zot:5    | Found a huge runed translucent gate.
 79226 | Zot:5    | Found a huge runed translucent gate.
 79227 | Zot:5    | Found a huge runed translucent gate.
 79228 | Zot:5    | Found a huge runed translucent gate.
 79228 | Zot:5    | Found a huge runed translucent gate.
 79298 | Zot:5    | Noticed an ancient lich
 79322 | Zot:5    | Noticed a dread lich
 79323 | Zot:5    | Noticed an orb of fire
 79326 | Zot:5    | Noticed an orb of fire
 79338 | Zot:5    | Killed an orb of fire
 79343 | Zot:5    | Lost mutation: You are robust. (+10% HP) [an orb of fire]
 79345 | Zot:5    | Reached skill level 15 in Shapeshifting
 79346 | Zot:5    | Killed an orb of fire
 79351 | Zot:5    | Killed a dread lich
 79353 | Zot:5    | Noticed a Killer Klown
 79364 | Zot:4    | Killed an ancient lich
 79417 | Zot:4    | Killed a Killer Klown
 79466 | Zot:5    | Reached XP level 26. HP: 211/239 MP: 35/44
 79505 | Zot:5    | Noticed an orb of fire
 79551 | Zot:5    | Gained mutation: You are frail. (-10% HP) [an orb of fire]
 79552 | Zot:5    | Killed an orb of fire
 79555 | Zot:5    | Noticed an ancient lich
 79560 | Zot:5    | Killed an ancient lich
 79597 | Zot:5    | Noticed a dread lich
 79604 | Zot:5    | Noticed an orb of fire
 79606 | Zot:5    | Killed a dread lich
 79617 | Zot:5    | Gained mutation: You are very frail. (-20% HP) [an orb of
                  | fire]
 79621 | Zot:5    | Killed an orb of fire
 79691 | Zot:5    | Lost mutation: Your mind is acute. (Int +4, Str/Dex -1)
                  | [mutagenic glow]
 79700 | Zot:5    | Gained mutation: You occasionally lose the ability to drink
                  | potions when taking damage. [mutagenic glow]
 79709 | Zot:5    | Gained mutation: You are occasionally teleported next to
                  | monsters. [mutagenic glow]
 80082 | Zot:5    | Noticed an ancient lich
 80085 | Zot:5    | Noticed an ancient lich
 80098 | Zot:5    | Killed an ancient lich
 80154 | Zot:5    | Slain by an Orb Guardian

Illustrated notes

Levels and vault maps discovered:
D:1:      tarquinn_simple_flora_water_c, layout_loops_corners, serial_shops,
          nicolae_shop_bloodbath_and_beyond
D:2:      minmay_razor_zed, layout_basic, shapermc_ecumenical_altar_gd,
          minmay_splitting_lines, patterned_corridor, uniq_crazy_yiuf_cottage
D:3:      layout_basic, nicolae_wu_jian_immortal_techniques,
          hangedman_decor_clover_reticule, chequers_decorated_corner,
          kennysheep_cluttered_room, minmay_joined_circles
D:4:      layout_loops_corners, vehumet_altar_wand_db, uniq_edmund,
          uniq_sigmund, uniq_eustachio, uniq_pikel
D:5:      layout_basic, kennysheep_little_box, gup_sewer_entry_glass
D:6:      layout_cave_pools, gammafunk_temple_overflow_claw
D:7:      layout_basic, lemuel_crystal_altar, minmay_temple_entry_crystal_x,
          enter_bailey_2
D:8:      layout_basic, hangedman_decor_growths
D:9:      layout_rooms, gammafunk_ghost_split, grunt_ministairs_14,
          nicolae_shop_distant_corner_stores, minmay_lizard_king, uniq_grum,
          uniq_harold, uniq_prince_ribbit1, uniq_maurice
D:10:     layout_roguey, orc_0_dummy, serial_curves, eino_curves_04,
          eino_curves_01, sword_in_stone
D:11:     layout_stronghold, lair_entry_dummy
D:12:     layout_basic, nicolae_hepliaklqana_hippocampus, uniq_lodul
D:13:     layout_loops_cross, nicolae_trove_entry_columns,
          nemelex_xobeh_ov_fountains_minmay
D:14:     emtedronai_trogs_sanctum, layout_cave_pools,
          grunt_vaults_entry_fortified, bh_hangedman_babel_library, uniq_louise
D:15:     hangedman_depths_entry_try_elsewhere_first, layout_basic,
          nicolae_qazlal_general_emergency, serial_shops,
          nicolae_shop_pleasant_corner_grove, nicolae_shop_statue_plus, shop,
          nicolae_shop_peninsula, serial_park_tiny_2
Temple:   hellmonk_temple_two_chambers
Lair:1:   layout_misc_corridors, grunt_megastairs_5
Lair:2:   layout_cave_pods, minmay_snake_entry_six_corridors
Lair:3:   layout_cave_pods, elwin_shoals_entry_rooms
Lair:4:   layout_regular_city, slime_entry_1, uniq_snorg
Lair:5:   minmay_lair_end_frog_pond, layout_gridlike,
          portal_ice_cave_entry_ice_simulacra, infiniplex_staircase_pool_2
Shoals:1: layout_shoals, uniq_kirke
Shoals:2: layout_shoals, uniq_polyphemus
Shoals:3: layout_shoals, serial_shops, shop
Shoals:4: shoals_end_hellmonk_holy_island
Snake:1:  layout_misc_corridors
Snake:2:  layout_rooms, nicolae_large_snake_swirl
Snake:3:  layout_chambers, serial_shops, bzr_entry_gold
Snake:4:  grunt_snake_rune_serpentine_throne, layout_onion, grunt_ministairs_3,
          st_stairs_5
Slime:1:  layout_caves
Slime:2:  layout_caves
Slime:3:  layout_caves
Slime:4:  layout_caves
Slime:5:  slime_pit_nicolae_jellycorners
Orc:1:    layout_diamond_mine, serial_shops, shop, shop,
          nicolae_shop_tiny_waterfront, shop
Orc:2:    grunt_orc_community_town_hall, layout_caves,
          grunt_orc_community_big_house_1, grunt_orc_community_big_house_2,
          grunt_orc_community_house_2, grunt_orc_community_house_1,
          grunt_orc_community_house_3, grunt_orc_community_house_3,
          grunt_orc_community_house_3, grunt_orc_community_house_3, basic_altar,
          serial_shops, shop
Elf:1:    elf_arrival_002, layout_onion_city, infiniplex_enter_wizlab_glasses,
          hangedman_elven_crosses_minicolossus
Elf:2:    elven_hall_of_blades_hangedman_alternative
          [nicolae_blade_entry_hurt_lockers], layout_loops_ring,
          hellmonk_ghost_big_iron, serial_shops, nicolae_shop_tiny_waterfront
Elf:3:    elf_hall, layout_geoelf_castle, serial_shops, nicolae_shop_peninsula,
          special_room [special_room_orc], uniq_zenata
Vaults:1: v_alt_pattern_6, vaults_room_grunt_arrival_ludios,
          nicolae_vaults_offset_grid_hallway_3, hangedman_vaults_snaps,
          nicolae_vaults_storage_closets_3, hangedman_vaults_slither,
          nicolae_vaults_little_guard_posts, nicolae_vaults_diagonal_hallway_6,
          hangedman_vaults_nodes, v_misc_13, vaults_room_pool,
          nicolae_vaults_little_squares_5, lemuel_angel_altar,
          layout_vaults_maze_bifur, uniq_aizul, uniq_nikola
Vaults:2: portal_desolation_entry_ruin, nicolae_vaults_meiosis,
          nicolae_vaults_closet_pinwheel_4, nicolae_vaults_wrenched, v_misc_4,
          v_pattern_2, vaults_dpeg_encased_lava, dpeg_vaults_monster_row,
          minmay_crypt_entry_nasty_monster, nicolae_vaults_circle_grid_a,
          vaults_room_pools, vaults_dpeg_emergency_exit,
          nicolae_vaults_security_offices_2, layout_vaults_big_cross,
          uniq_norris
Vaults:3: vaults_mumra_minichess, grunt_vaults_bifocal,
          nicolae_vaults_closet_pinwheel_2, nicolae_vaults_security_offices_3,
          ontoclasm_vaults_hangar, nicolae_vaults_hexular_roomagon,
          nicolae_vaults_little_ls, vaults_room_corners,
          ontoclasm_vaults_hangar, nicolae_vaults_house_1, vaults_mumra_lcd,
          vaults_room_pool, nicolae_vaults_taking_the_gang_shopping,
          nicolae_vaults_tetromino_T_2, hangedman_vaults_stretched_pinwheel,
          ontoclasm_vaults_gateway, nicolae_vaults_tetromino_L_2,
          nicolae_vaults_shelves_hall, nicolae_vaults_surprise_closet,
          layout_vaults_ring
Vaults:4: nicolae_vaults_spaceships, ontoclasm_vaults_ligature,
          hangedman_vaults_pinch, vaults_room_stairs_pillars, v_misc_3,
          vaults_room_door_ring, vaults_mumra_hex, vaults_standard_mumra_x,
          nicolae_vaults_mini_display_case, layout_vaults_omnigrid,
          uniq_saint_roka
Crypt:1:  layout_chaotic_city, grunt_crypt_arrival_split, uniq_grunn,
          uniq_khufu, uniq_josephina
Crypt:2:  layout_misc_corridors, nicolae_crypt_vampire_mansion,
          grunt_megastairs_2
Crypt:3:  david_glass_crypt, layout_basic, nicolae_tomb_entry_grand_gallery,
          basic_altar, nicolae_crypt_grave_offerings, uniq_frederick
Depths:1: layout_gridlike, kennysheep_pointless_box, hell_entry,
          grunt_ministairs_11, kiku_gazebo_pond_becter,
          kennysheep_random_hallway
Depths:2: evilmike_inaccessible_box, layout_gridlike, hell_entry, serial_shops,
          nicolae_shop_statue_plus, nicolae_shop_statue_plus,
          nicolae_shop_overgrown_old_shop, nicolae_shop_rolling_square,
          grunt_pan_entry_zigzag, amcnicky_mini_rare_corridor_liquid,
          elyvilon_altar_1, uniq_boris
Depths:3: nicolae_cairo_tiling, layout_honeycomb, enter_ziggurat_d,
          minmay_room_of_horrors, grunt_hell_entry_dis_old,
          nicolae_concentric_dashed_squares_wild, kennysheep_just_a_vault,
          serial_bayou_shore_b
Depths:4: evilmike_zot_entry_argh, layout_basic, grunt_decor_fettered,
          abyss_entry, hell_entry, grunt_pan_entry_in_and_out,
          nicolae_gozag_cash_rules_everything_around_me, minmay_shop_grove
Zot:1:    layout_misc_corridors, regret_index_zotdec_misc_clamp, uniq_tiamat
Zot:2:    layout_twisted_circle, skrybe_zot_glass_1
Zot:3:    grunt_zot_stairs_faceoff, layout_gridville, grunt_ministairs_13,
          nicolae_transmutations_shop, st_stairs_13, st_small_dragon_hoard_1
Zot:4:    regret_index_zot_pan_timeshare, layout_cathedral_of_symmetry,
          skrybe_zot_glass_3
Zot:5:    layout_basic, st_stairs_11, grunt_ministairs_8, not_door_vault_due

Skill      XL: |  1  2  3  4  5  6  7  8  9 10 11 12 13 14 15 16 17 18 19 20 21 22 23 24 25 26 |
---------------+-------------------------------------------------------------------------------+-----
Stealth        | 1 2 |  2.0
Spellcasting   | 2 3 4 6 8 10 13 15 16 17 | 17.3
Fighting       | 4 5 7 9 10 12 15 16 17 18 19 20 | 20.0
Fire Magic     | 4 5 |  5.0
Dodging        | 5 6 10 11 12 13 15 17 | 17.8
Evocations     | 5 |  5.0
Conjurations   | 5 8 10 11 12 13 14 | 14.3
Ice Magic      | 3 5 |  5.0
Air Magic      | 3 5 |  5.0
Earth Magic    | 8 14 18 | 18.0
Shields        | 10 13 15 16 18 | 18.4
Shapeshifting  | 8 11 12 13 15 | 15.6
Alchemy        | 5 |  5.0
Summonings     | 2 12 13 14 | 14.0
Long Blades    | 6 15 16 | 16.0
Unarmed Combat | |  3.0

Action                     |  1- 3 |  4- 6 |  7- 9 | 10-12 | 13-15 | 16-18 | 19-21 | 22-24 | 25-27 || total
---------------------------+-------+-------+-------+-------+-------+-------+-------+-------+-------++-------
  Melee: Unarmed           |   130 |    66 |    16 |       |       |       |       |       |       ||   212
         Tailslap          |    12 |     5 |     8 |    24 |    34 |    25 |    43 |   126 |    20 ||   297
         Whip              |       |       |    26 |    90 |   112 |   162 |   138 |    63 |       ||   591
         Bite              |       |       |       |       |       |     6 |    27 |    78 |       ||   111
         Headbutt          |       |       |       |       |       |       |    53 |    50 |       ||   103
         Maw               |       |       |       |       |       |       |    28 |   196 |    32 ||   256
         Scimitar          |       |       |       |       |       |       |       |   272 |    67 ||   339
         Double sword      |       |       |       |       |       |       |       |   104 |       ||   104
   Cast: Scorch            |    23 |    41 |   190 |   464 |   592 |     3 |       |       |       ||  1313
         Freezing Cloud    |       |       |       |    24 |   203 |   176 |    79 |    54 |    20 ||   556
         Bombard           |       |       |       |       |    41 |   423 |   636 |   718 |   304 ||  2122
         Lee's Rapid Decon |       |       |       |       |     2 |       |       |       |       ||     2
         Borgnjor's Vile C |       |       |       |       |       |   141 |   209 |   152 |    54 ||   556
         Spellforged Servi |       |       |       |       |       |       |     5 |    87 |    37 ||   129
 Invoke: Slimify           |       |       |       |       |       |       |       |       |     1 ||     1
Ability: Nullifying Breath |       |       |     2 |     4 |     3 |       |       |       |       ||     9
  Evoke: Wand              |       |       |     2 |    17 |    50 |    16 |     3 |    11 |       ||    99
         Phantom mirror    |       |       |       |       |       |       |       |       |     1 ||     1
    Use: Scroll            |       |     6 |     1 |    13 |    12 |     8 |     3 |    11 |    10 ||    64
         Potion            |       |       |       |     1 |     2 |     6 |     1 |     1 |     5 ||    16
   Stab: Invisible         |       |       |       |       |       |     1 |       |       |       ||     1
         Distracted        |       |       |       |       |       |       |       |     2 |     1 ||     3
         Sleeping          |       |       |       |       |       |       |       |     3 |     1 ||     4
 Armour: Skin              |    60 |    38 |   102 |   482 |   672 |  1031 |   667 |   702 |   241 ||  3995
  Dodge: Dodged            |    78 |    29 |    83 |   315 |   404 |   501 |   490 |   485 |   230 ||  2615
  Block: Kite shield       |       |       |       |       |       |       |     5 |   577 |   237 ||   819
   Form: Maw               |       |       |       |       |       |       |     1 |       |       ||     1

Table legend: (Time is in decaauts)
 A = Elapsed time spent in this place.
 B = Non-inter-level travel time spent in this place.
 C = Inter-level travel time spent in this place.
 D = Time resting spent in this place.
 E = Time spent auto-exploring this place.
 F = Levels seen in this place.
 G = Mean time per level.
                   A        B        C        D        E       F      G
               +--------+--------+--------+--------+--------+-----+--------+
         Total |  80724 |  73663 |   7061 |  10320 |  50790 |  58 | 1391.8 |
       Dungeon |  23563 |  21158 |   2405 |   3069 |  15323 |  15 | 1570.9 |
        Temple |      1 |      1 |      0 |      0 |      0 |   1 |    1.0 |
          Lair |  12067 |  11134 |    933 |   2488 |   7344 |   5 | 2413.4 |
        Shoals |   4035 |   3811 |    224 |    313 |   2779 |   4 | 1008.8 |
     Snake Pit |   8509 |   7624 |    885 |   1762 |   4726 |   4 | 2127.2 |
    Slime Pits |    488 |    402 |     86 |      0 |    342 |   5 |   97.6 |
  Orcish Mines |   4079 |   3731 |    348 |    908 |   2264 |   2 | 2039.5 |
   Elven Halls |   5302 |   4728 |    574 |    474 |   3205 |   3 | 1767.3 |
        Vaults |   5911 |   5440 |    471 |     88 |   4247 |   4 | 1477.8 |
         Crypt |   3932 |   3643 |    289 |    244 |   2363 |   3 | 1310.7 |
        Depths |   6148 |   5658 |    490 |    412 |   4046 |   4 | 1537.0 |
           Zot |   5890 |   5540 |    350 |    392 |   3709 |   5 | 1178.0 |
        Bazaar |     97 |     97 |      0 |      0 |     68 |   1 |   97.0 |
         Sewer |    266 |    266 |      0 |      0 |    204 |   1 |  266.0 |
        Bailey |    428 |    428 |      0 |    168 |    167 |   1 |  428.0 |
               +--------+--------+--------+--------+--------+-----+--------+

Top non-repeatable levels by time:
  Lair:3: 3364 daAuts
   Orc:2: 2958 daAuts
 Snake:3: 2761 daAuts
  Lair:2: 2425 daAuts
    D:11: 2354 daAuts
  Lair:5: 2307 daAuts
 Snake:1: 2006 daAuts
  Lair:1: 1990 daAuts
  Lair:4: 1980 daAuts
 Snake:2: 1953 daAuts
Depths:2: 1924 daAuts
   Elf:3: 1922 daAuts
    D:15: 1912 daAuts
    D:14: 1887 daAuts
     D:4: 1872 daAuts
